PAA
MERCER ISLAND SCREAMING EAGLES @ WESTWOOD SIXSHOOTERS
05/28/2042
 
TOP OF THE 1ST
Mercer Island Screaming Eagles batting - Pitching for Westwood Sixshooters : LHP Joop Els
Pitching: LHP Joop Els
Batting: RHB Yoshiki Shimizu 0-0: Foul Ball, location: 2F
0-1: DOUBLE (Line Drive, 5D, EV 97.5 MPH)
Batting: RHB Dong-woo Kim 0-0: Called Strike
0-1: Ball
1-1: Fly out, F7 (Flyball, 7LMF, EV 88.8 MPH)
Batting: RHB Dídac Nores 0-0: Foul Ball, location: 2F
0-1: Called Strike
0-2: Ball
1-2: Ground out 1-3 (Groundball, 15S, EV 70.0 MPH)
Batting: RHB Dima Tabakaev 0-0: Called Strike
0-1: Ball
1-1: Ball
2-1: Foul Ball, location: 2F
2-2: DOUBLE (Line Drive, 7LD, EV 110.0 MPH)
Yoshiki Shimizu scores
Batting: RHB Thiago Yepes 0-0: Fly out, F8 (Flyball, 8LXD, EV 101.9 MPH)
Top of the 1st over - 1 run, 2 hits, 0 errors, 1 left on base; Mercer Island 1 - Westwood 0
BOTTOM OF THE 1ST
Westwood Sixshooters batting - Pitching for Mercer Island Screaming Eagles : RHP Jason Miller
Pitching: RHP Jason Miller
Batting: LHB Derek Kelly 0-0: Ball
1-0: Ground out 6-3 (Groundball, 6, EV 108.1 MPH)
Batting: SHB William Anderson 0-0: Ball
1-0: Ball
2-0: Ball
3-0: Base on Balls
Batting: RHB Illarion Podmarkov 0-0: Fly out, F7 (Flyball, 78S, EV 83.8 MPH)
Batting: LHB Rick Kirkham 0-0: Ball
1-0: Ball
2-0: Ball
3-0: Called Strike
3-1: Foul Ball, location: 2F
3-2: Foul Ball, location: 2F
3-2: SINGLE (Line Drive, 5D, EV 105.0 MPH)
William Anderson to second
William Anderson to third
Batting: LHB Luis Benítez 0-0: Ball
1-0: Fielders Choice at 2nd, 5-4 (Groundball, 56, EV 81.2 MPH)
Bottom of the 1st over - 0 runs, 1 hit, 0 errors, 2 left on base; Mercer Island 1 - Westwood 0
TOP OF THE 2ND
Mercer Island Screaming Eagles batting - Pitching for Westwood Sixshooters : LHP Joop Els
Batting: RHB Juan Lugo 0-0: Ball
1-0: Called Strike
1-1: Ball
2-1: Fly out, F9 (Flyball, 89D, EV 99.4 MPH)
Batting: LHB Brian Drake 0-0: Ball
1-0: Ball
2-0: SINGLE (Flyball, 8LS, EV 92.5 MPH)
Batting: RHB Chut-sai Meng 0-0: Ball
1-0: SINGLE (Line Drive, 9LS, EV 106.9 MPH)
Brian Drake to second
Batting: LHB Domingo Ramos 0-0: Fly out, F7 (Flyball, 7S, EV 85.0 MPH)
Batting: RHB Yoshiki Shimizu 0-0: Ball
1-0: Fly out, F7 (Line Drive, 7D, EV 91.2 MPH)
Top of the 2nd over - 0 runs, 2 hits, 0 errors, 2 left on base; Mercer Island 1 - Westwood 0
BOTTOM OF THE 2ND
Westwood Sixshooters batting - Pitching for Mercer Island Screaming Eagles : RHP Jason Miller
Batting: RHB Slavik Akentiev 0-0: Ground out 4-3 (Groundball, 34, EV 103.1 MPH)
Batting: RHB John Siddall 0-0: Ground out 6-3 (Groundball, 6, EV 81.2 MPH)
Batting: RHB Hisashi Koumura 0-0: Ground out U3 (Groundball, 3, EV 84.4 MPH)
Bottom of the 2nd over - 0 runs, 0 hits, 0 errors, 0 left on base; Mercer Island 1 - Westwood 0
TOP OF THE 3RD
Mercer Island Screaming Eagles batting - Pitching for Westwood Sixshooters : LHP Joop Els
Batting: RHB Dong-woo Kim 0-0: Swinging Strike
0-1: Ground out 6-3 (Groundball, 6S, EV 66.9 MPH)
Batting: RHB Dídac Nores 0-0: Called Strike
0-1: Ball
1-1: Ball
2-1: Called Strike
2-2: DOUBLE (Groundball, 5L, EV 103.1 MPH)
Batting: RHB Dima Tabakaev 0-0: Called Strike
0-1: Fly out, F8 (Line Drive, 8LD, EV 88.1 MPH)
Batting: RHB Thiago Yepes 0-0: Called Strike
0-1: Swinging Strike
0-2: Ball
1-2: Strikes out looking
Top of the 3rd over - 0 runs, 1 hit, 0 errors, 1 left on base; Mercer Island 1 - Westwood 0
BOTTOM OF THE 3RD
Westwood Sixshooters batting - Pitching for Mercer Island Screaming Eagles : RHP Jason Miller
Batting: RHB Patrick Rivera 0-0: Called Strike
0-1: Ball
1-1: Swinging Strike
1-2: Strikes out swinging
Batting: LHB Derek Kelly 0-0: SINGLE (Line Drive, 4D, EV 100.0 MPH)
Batting: SHB William Anderson 0-0: Ball
1-0: Swinging Strike
1-1: 2-RUN HOME RUN (Flyball, 9D, EV 88.8 MPH), Distance : 389 ft
Batting: RHB Illarion Podmarkov 0-0: Foul Ball, location: 2F
0-1: Ball
1-1: Called Strike
1-2: Strikes out looking
Batting: LHB Rick Kirkham 0-0: Ball
1-0: Ball
2-0: SOLO HOME RUN (Flyball, 9D, EV 93.1 MPH), Distance : 381 ft
Batting: LHB Luis Benítez 0-0: Ball
1-0: Foul Ball, location: 2F
1-1: Foul Ball, location: 2F
1-2: Ball
2-2: Ball
3-2: SOLO HOME RUN (Flyball, 7LD, EV 113.1 MPH), Distance : 353 ft
Batting: RHB Slavik Akentiev 0-0: Ball
1-0: Called Strike
1-1: Ball
2-1: Fly out, F7 (Line Drive, 7, EV 101.2 MPH)
Bottom of the 3rd over - 4 runs, 4 hits, 0 errors, 0 left on base; Mercer Island 1 - Westwood 4
TOP OF THE 4TH
Mercer Island Screaming Eagles batting - Pitching for Westwood Sixshooters : LHP Joop Els
Batting: RHB Juan Lugo 0-0: Ball
1-0: DOUBLE (Line Drive, 9LM, EV 108.8 MPH)
Batting: LHB Brian Drake 0-0: Ball
1-0: Called Strike
1-1: Ball
2-1: Called Strike
2-2: Ground out 4-3 (Groundball, 4, EV 100.0 MPH)
Juan Lugo to third
Batting: RHB Chut-sai Meng 0-0: Ball
1-0: Ball
2-0: Called Strike
2-1: Foul Ball, location: 2F
2-2: Foul Ball, location: 2F
2-2: Fly out, F6 (Popup, 6S, EV 69.4 MPH)
Batting: LHB Domingo Ramos 0-0: Foul Ball, location: 2F
0-1: Foul Ball, location: 2F
0-2: Ball
1-2: Fly out, F1 (Popup, 15, EV 81.2 MPH)
Top of the 4th over - 0 runs, 1 hit, 0 errors, 1 left on base; Mercer Island 1 - Westwood 4
BOTTOM OF THE 4TH
Westwood Sixshooters batting - Pitching for Mercer Island Screaming Eagles : RHP Jason Miller
Batting: RHB John Siddall 0-0: Foul Ball, location: 2F
0-1: Fly out, F8 (Flyball, 78M, EV 88.1 MPH)
Batting: RHB Hisashi Koumura 0-0: Foul Ball, location: 2F
0-1: Called Strike
0-2: Ball
1-2: Ground out 4-3 (Groundball, 4, EV 89.4 MPH)
Batting: RHB Patrick Rivera 0-0: Ball
1-0: Ground out 4-3 (Groundball, 34, EV 86.2 MPH)
Bottom of the 4th over - 0 runs, 0 hits, 0 errors, 0 left on base; Mercer Island 1 - Westwood 4
TOP OF THE 5TH
Mercer Island Screaming Eagles batting - Pitching for Westwood Sixshooters : LHP Joop Els
Batting: RHB Yoshiki Shimizu 0-0: SINGLE (Groundball, 5S, EV 66.2 MPH) (infield hit)
Batting: RHB Dong-woo Kim 0-0: Sac Bunt to P - play at first, batter safe!
Yoshiki Shimizu to second
Batting: RHB Dídac Nores 0-0: Ball
1-0: Foul Ball, location: 2F
1-1: Called Strike
1-2: Ball
2-2: Ball
3-2: Base on Balls
Yoshiki Shimizu to third
Dong-woo Kim to second
Batting: RHB Dima Tabakaev 0-0: Called Strike
0-1: Ball
1-1: Ball
2-1: Called Strike
2-2: Strikes out swinging
Batting: RHB Thiago Yepes 0-0: Ball
1-0: Called Strike
1-1: Swinging Strike
1-2: Fly out, F7 (Flyball, 7S, EV 91.2 MPH)
Batting: RHB Juan Lugo 0-0: Ball
1-0: Fly out, F1 (Popup, P, EV 83.1 MPH)
Top of the 5th over - 0 runs, 2 hits, 0 errors, 3 left on base; Mercer Island 1 - Westwood 4
BOTTOM OF THE 5TH
Westwood Sixshooters batting - Pitching for Mercer Island Screaming Eagles : RHP Jason Miller
Batting: LHB Derek Kelly 0-0: Ball
1-0: Foul Ball, location: 2F
1-1: Ground out U3 (Groundball, 34, EV 91.2 MPH)
Batting: SHB William Anderson 0-0: Called Strike
0-1: Ball
1-1: Ground out U3 (Groundball, 3, EV 79.4 MPH)
Batting: RHB Illarion Podmarkov 0-0: Called Strike
0-1: SINGLE (Flyball, 78S, EV 94.4 MPH)
Batting: LHB Rick Kirkham 0-0: Foul Ball, location: 2F
0-1: Ball
1-1: Swinging Strike
1-2: Foul Ball, location: 2F
1-2: Foul Ball, location: 2F
1-2: Foul Ball, location: 2F
1-2: Ball
2-2: Strikes out swinging
Bottom of the 5th over - 0 runs, 1 hit, 0 errors, 1 left on base; Mercer Island 1 - Westwood 4
TOP OF THE 6TH
Mercer Island Screaming Eagles batting - Pitching for Westwood Sixshooters : LHP Joop Els
Batting: LHB Brian Drake 0-0: Called Strike
0-1: Ball
1-1: SINGLE (Groundball, 13, EV 70.0 MPH) (infield hit)
Batting: RHB Chut-sai Meng 0-0: Fly out, F7 (Flyball, 7S, EV 90.0 MPH)
Batting: LHB Domingo Ramos 0-0: Ball
1-0: Called Strike
1-1: Swinging Strike
1-2: Fly out, F9 (Line Drive, 9, EV 92.5 MPH)
Batting: RHB Yoshiki Shimizu 0-0: SINGLE (Flyball, 8RS, EV 90.6 MPH)
Brian Drake to second
Batting: RHB Dong-woo Kim 0-0: Swinging Strike
0-1: Foul Ball, location: 2F
0-2: Ball
1-2: Foul Ball, location: 2F
1-2: Foul Ball, location: 2F
1-2: Ball
2-2: Fielders Choice at 2nd, 6-4 (Groundball, 56, EV 86.2 MPH)
Top of the 6th over - 0 runs, 2 hits, 0 errors, 2 left on base; Mercer Island 1 - Westwood 4
BOTTOM OF THE 6TH
Westwood Sixshooters batting - Pitching for Mercer Island Screaming Eagles : RHP Jason Miller
Batting: LHB Luis Benítez 0-0: Called Strike
0-1: Ground out 5-3 (Groundball, 56, EV 81.9 MPH)
Batting: RHB Slavik Akentiev 0-0: Ball
1-0: Called Strike
1-1: Foul Ball, location: 2F
1-2: Ball
2-2: Foul Ball, location: 2F
2-2: Ball
3-2: SINGLE (Groundball, 6MD, EV 103.8 MPH)
Batting: RHB John Siddall 0-0: Called Strike
0-1: Fly out, F8 (Flyball, 89D, EV 96.2 MPH)
Batting: RHB Hisashi Koumura 0-0: Ball
1-0: Fielders Choice at 2nd, 6-4 (Groundball, 6, EV 101.9 MPH)
Bottom of the 6th over - 0 runs, 1 hit, 0 errors, 1 left on base; Mercer Island 1 - Westwood 4
TOP OF THE 7TH
Mercer Island Screaming Eagles batting - Pitching for Westwood Sixshooters : LHP Joop Els
Batting: RHB Dídac Nores 0-0: Called Strike
0-1: Ball
1-1: Ball
2-1: Ground out 6-3 (Groundball, 6, EV 101.2 MPH)
Batting: RHB Dima Tabakaev 0-0: Ground out 4-3 (Groundball, 4M, EV 109.4 MPH)
Batting: RHB Thiago Yepes 0-0: Ball
1-0: Ground out 6-3 (Groundball, 6MS, EV 75.6 MPH)
Top of the 7th over - 0 runs, 0 hits, 0 errors, 0 left on base; Mercer Island 1 - Westwood 4
BOTTOM OF THE 7TH
Westwood Sixshooters batting - Pitching for Mercer Island Screaming Eagles : RHP Jason Miller
Batting: RHB Patrick Rivera 0-0: Ball
1-0: Ball
2-0: Called Strike
2-1: Foul Ball, location: 2F
2-2: Foul Ball, location: 2F
2-2: Strikes out swinging
Batting: LHB Derek Kelly 0-0: Ball
1-0: Foul Ball, location: 2F
1-1: Ball
2-1: Ground out U3 (Groundball, 3, EV 87.5 MPH)
Batting: SHB William Anderson 0-0: Called Strike
0-1: Foul Ball, location: 2F
0-2: Ball
1-2: Fly out, F8 (Flyball, 8RD, EV 98.1 MPH)
Bottom of the 7th over - 0 runs, 0 hits, 0 errors, 0 left on base; Mercer Island 1 - Westwood 4
TOP OF THE 8TH
Mercer Island Screaming Eagles batting - Pitching for Westwood Sixshooters : LHP Joop Els
Batting: RHB Juan Lugo 0-0: DOUBLE (Line Drive, 9LS, EV 88.1 MPH)
Pitching: RHP Koswara Setiadji
Batting: LHB Brian Drake 0-0: Foul Ball, location: 2F
0-1: Ball
1-1: SINGLE (Line Drive, 78S, EV 108.8 MPH)
Juan Lugo to third
Batting: RHB Chut-sai Meng 0-0: Ball
1-0: Swinging Strike
1-1: Ball
2-1: Foul Ball, location: 2F
2-2: Ball
3-2: Base on Balls
Brian Drake to second
Batting: LHB Domingo Ramos 0-0: Called Strike
0-1: DOUBLE (Groundball, 3L, EV 108.8 MPH)
Juan Lugo scores
Brian Drake scores
Chut-sai Meng to third
Batting: RHB Yoshiki Shimizu 0-0: Ground out 5-3 (Groundball, 5S, EV 68.8 MPH)
Batting: RHB Dong-woo Kim 0-0: Called Strike
0-1: SINGLE (Flyball, 89M, EV 81.9 MPH)
Chut-sai Meng scores
Domingo Ramos to third
Batting: RHB Dídac Nores 0-0: Ball
1-0: Swinging Strike
1-1: Ball
Dong-woo Kim steals 2nd base
2-1: Intentional Walk
Batting: RHB Dima Tabakaev 0-0: Called Strike
0-1: Ball
1-1: Foul Ball, location: 2F
1-2: Fly out, F9 (Line Drive, 9LM, EV 92.5 MPH)
Runner from 3rd tags up, SCORES, throw by RF
Dong-woo Kim to third
Pitching: RHP Arvi Fufachev
Batting: RHB Thiago Yepes 0-0: Ball
1-0: SINGLE (Groundball, 6MD, EV 104.4 MPH)
Dong-woo Kim scores
Dídac Nores to second
Batting: RHB Juan Lugo 0-0: Foul Ball, location: 2F
0-1: Swinging Strike
0-2: Strikes out swinging
Top of the 8th over - 5 runs, 5 hits, 0 errors, 2 left on base; Mercer Island 6 - Westwood 4
BOTTOM OF THE 8TH
Westwood Sixshooters batting - Pitching for Mercer Island Screaming Eagles : RHP Jason Miller
Batting: RHB Illarion Podmarkov 0-0: Called Strike
0-1: Ball
1-1: Foul Ball, location: 2F
1-2: Ball
2-2: SINGLE (Flyball, 9LS, EV 90.6 MPH)
Pitching: LHP Shan-tang Yang
Batting: LHB Rick Kirkham 0-0: Foul Ball, location: 2F
0-1: Ball
1-1: Called Strike
1-2: Foul Ball, location: 2F
1-2: Strikes out swinging
Batting: LHB Luis Benítez 0-0: Called Strike
0-1: Ball
1-1: Ball
2-1: Ball
3-1: SINGLE (Groundball, 34D, EV 100.6 MPH)
Illarion Podmarkov to second
Runner from 2nd tries for 3rd, SAFE, no throw by RF
Pitching: RHP Ryan Fry
Pinch Hitting: LHB Allan Colston 0-0: Ball
1-0: Called Strike
1-1: Ball
2-1: Ball
3-1: Base on Balls
Luis Benítez to second
Batting: RHB John Siddall 0-0: Ball
1-0: Called Strike
1-1: Ball
2-1: SINGLE (Groundball, 25, EV 66.9 MPH) (infield hit)
Illarion Podmarkov scores
Luis Benítez to third
Allan Colston to second
Pinch Hitting: RHB Ricardo Urquijo 0-0: Grounds into fielders choice 6-2 (Groundball, 6, EV 83.8 MPH)
Allan Colston to third
John Siddall to second
Batting: RHB Patrick Rivera 0-0: Called Strike
0-1: Ground out 4-3 (Groundball, 4, EV 88.1 MPH)
Bottom of the 8th over - 1 run, 3 hits, 0 errors, 3 left on base; Mercer Island 6 - Westwood 5
TOP OF THE 9TH
Mercer Island Screaming Eagles batting - Pitching for Westwood Sixshooters : RHP Arvi Fufachev
Now at SS: Sterling Massingham
Now in LF: Allan Colston
Batting: LHB Brian Drake 0-0: Ball
1-0: Foul Ball, location: 2F
1-1: Called Strike
1-2: Ball
2-2: Ball
3-2: Base on Balls
Batting: RHB Chut-sai Meng 0-0: Ball
1-0: Ball
2-0: Fly out, F3 (Popup, 3F, EV 78.8 MPH)
Pitching: RHP Júlio Rosales
Batting: LHB Domingo Ramos 0-0: Called Strike
0-1: Foul Ball, location: 2F
0-2: Foul Ball, location: 2F
0-2: Ball
1-2: Foul Ball, location: 2F
1-2: Fielders Choice at 2nd, 6-4 (Groundball, 6, EV 84.4 MPH)
Batting: RHB Yoshiki Shimizu 0-0: Ball
1-0: Swinging Strike
1-1: Ball
2-1: Fly out, F5 (Popup, 5SF, EV 68.8 MPH)
Top of the 9th over - 0 runs, 0 hits, 0 errors, 1 left on base; Mercer Island 6 - Westwood 5
BOTTOM OF THE 9TH
Westwood Sixshooters batting - Pitching for Mercer Island Screaming Eagles : RHP Ryan Fry
Batting: LHB Derek Kelly 0-0: Ball
1-0: Foul Ball, location: 2F
1-1: Called Strike
1-2: Strikes out swinging
Batting: SHB William Anderson 0-0: Called Strike
0-1: Called Strike
0-2: Ball
1-2: Foul Ball, location: 2F
1-2: Fly out, F7 (Flyball, 7D, EV 96.9 MPH)
Batting: RHB Illarion Podmarkov 0-0: Called Strike
0-1: Ball
1-1: Ball
2-1: Foul Ball, location: 2F
2-2: Foul Ball, location: 2F
2-2: Ground out 6-3 (Groundball, 6M, EV 88.8 MPH)
Bottom of the 9th over - 0 runs, 0 hits, 0 errors, 0 left on base; Mercer Island 6 - Westwood 5
Friday, March 26th, 2021 - OOTP Baseball 20.8 Build 74